Map: Frozen Temple

Players

ChaosMaker - Winner!

  • Race: Terran Terran

Gracz

  • Race: Protoss Protoss
  • League: Bronze

VOD

Have the link to the VOD?

Description

Time

  • Played on: Sept. 3, 2016, 5:53 p.m.
  • Length: 14:37
Show
View Real Time Build Order
Export as new Build Order

ChaosMaker Terran - Winner!

Build Orders: Reaper Expand, MMM Bio 

Get SALT Encoding   

  12  0:00  SCV  
  13  0:13  SCV  
  14  0:18  Supply Depot  
  14  0:25  SCV  
  15  0:39  SCV  
  15  0:41  Refinery  
  16  0:45  Barracks  
  16  0:52  SCV  
  17  1:04  SCV  
  18  1:16  SCV  
  19  1:32  Orbital Command  
  19  1:33  Reaper  
  20  1:43  Command Center  
  20  1:56  Supply Depot  
  20  1:57  SCV  
  21  2:05  Barracks Reactor  
  21  2:09  SCV  
  21  2:15  Barracks  
  22  2:21  Refinery, SCV  
  23  2:34  SCV  
  24  2:46  SCV  
  24  2:47  Marine x2  
  26  2:54  Factory  
  26  2:58  SCV  
  26  3:00  Orbital Command  
  26  3:04  Marine x2  
  29  3:11  SCV  
  30  3:21  Command Center  
  30  3:25  SCV  
  30  3:26  Marine  
  32  3:30  SCV  
  32  3:32  Barracks Tech Lab  
  33  3:37  SCV  
  34  3:47  Supply Depot, Widow Mine  
  36  3:51  Marine, Stimpack  
  36  3:52  Marine x2  
  39  3:58  SCV  
  39  4:02  SCV  
  41  4:09  Marine  
  42  4:10  Marine, SCV  
  42  4:14  SCV  
  45  4:22  Marine, SCV  
  47  4:26  SCV  
  47  4:27  Factory Reactor  
  47  4:28  Marine  
  49  4:34  Engineering Bay, SCV  
  49  4:36  Engineering Bay, Orbital Command  
  51  4:38  SCV  
  51  4:46  SCV  
  51  4:50  SCV  
  53  4:58  SCV  
  53  4:59  Orbital Command  
  54  5:11  Widow Mine  
  54  5:14  Marine x2, Marauder  
  58  5:20  Barracks x2  
  60  5:24  SCV  
  61  5:33  Refinery  
  61  5:34  SCV  
  61  5:35  Refinery  
  62  5:36  SCV  
  62  5:39  Marine x2, Marauder  
  62  5:42  Terran Infantry Weapons Level 1  
  67  5:46  Terran Infantry Armor Level 1  
  67  5:48  SCV  
  68  5:52  Supply Depot  
  68  5:57  Supply Depot  
  68  6:00  Marine  
  69  6:13  Marine x2  
  69  6:14  SCV x3, Widow Mine  
  69  6:17  Marine  
  69  6:18  Widow Mine  
  77  6:19  Barracks Tech Lab  
  77  6:20  Barracks Reactor  
  79  6:26  SCV  
  79  6:31  Marine x2, SCV  
  79  6:32  SCV  
  84  6:35  Marine  
  84  6:39  Barracks  
  85  6:41  Supply Depot  
  85  6:43  Combat Shields, Concussive Shells, Barracks, Supply Depot  
  85  6:57  Marine  
  85  7:03  Marine x2, SCV, Marauder  
  90  7:11  Supply Depot  
  90  7:13  Supply Depot  
  90  7:14  Marine, Supply Depot  
  90  7:15  SCV  
  92  7:20  Armory  
  92  7:21  Marine x2  
  94  7:23  Marine x2  
  94  7:25  Marauder  
  94  7:26  Barracks Tech Lab  
  94  7:27  SCV  
  94  7:29  Barracks Reactor  
  99  7:32  Marine  
  100  7:38  Marine, Starport  
  100  7:39  SCV, Marauder  
  100  7:40  Marine  
  100  7:41  Marine  
  106  7:46  Marauder  
  106  7:50  Marine  
  109  7:51  SCV  
  109  7:56  Marine  
  111  7:58  Marine x2  
  111  7:59  Missile Turret  
  111  8:00  Marauder  
  111  8:01  Missile Turret  
  111  8:04  SCV  
  116  8:07  Marine  
  116  8:08  Marine, Supply Depot  
  116  8:09  Supply Depot  
  116  8:10  Supply Depot  
  118  8:14  Marine  
  118  8:15  Terran Ship Weapons Level 1  
  118  8:16  Marine x2  
  118  8:17  Starport Reactor  
  118  8:19  Marine x3  
  122  8:20  Starport  
  122  8:21  Marine  
  122  8:22  Missile Turret  
  122  8:25  Missile Turret  
  122  8:26  Refinery  
  125  8:29  Marine  
  125  8:30  Marauder, SCV, Terran Infantry Weapons Level 2  
  125  8:33  Terran Infantry Armor Level 2  
  129  8:34  SCV  
  129  8:37  Marine x2  
  129  8:40  Marauder  
  134  8:51  Marauder  
  134  8:55  Marine x2  
  138  8:56  Missile Turret x2  
  138  8:58  Missile Turret  
  138  8:59  Sensor Tower  
  138  9:01  Missile Turret, Marine  
  138  9:02  Marine x2, SCV, Marauder  
  144  9:11  Medivac x2  
  144  9:13  Starport Reactor, Marine  
  149  9:26  Supply Depot  
  149  9:27  Supply Depot  
  149  9:28  Barracks, Supply Depot  
  149  9:34  Refinery  
  149  9:36  Command Center  
  149  9:46  Missile Turret  
  149  9:48  Marine, Medivac x2, SCV x3  
  149  9:52  Medivac x2  
  161  9:57  Supply Depot  
  161  10:00  SCV  
  162  10:12  SCV  
  163  10:18  Medivac x2  
  167  10:22  Medivac x2  
  167  10:24  SCV  
  172  10:29  SCV x2  
  174  10:36  Marine x3, SCV  
  174  10:37  Marine, Marauder  
  181  10:47  Marine x2, SCV  
  181  10:48  SCV, Marauder x2  
  189  10:54  Marine  
  190  10:58  Marauder  
  190  11:00  SCV  
  193  11:09  Marauder  
  195  11:17  Marine  
  196  11:21  Marine  
  196  11:23  Marine  
  196  11:24  Marauder  
  196  11:25  Marauder  
  182  11:37  Marine  
  182  11:38  Marine x3, Marauder  
  182  11:39  Marine  
  185  11:41  Marine  
  185  11:45  Marauder  
  190  11:47  Marauder  
  190  11:55  Marine x3  
  190  11:56  Marine x2  
  190  11:59  Marine  
  190  12:00  Marauder  
  194  12:07  Marauder  
  195  12:13  Marine  
  196  12:57  Orbital Command  
  196  13:02  Supply Depot x3  
  196  13:05  Supply Depot  
  196  13:23  Marine x2  
  196  13:24  Marauder  
Show
View Real Time Build Order
Export as new Build Order

Gracz Protoss 

Build Orders:  

Get SALT Encoding   

  12  0:04  Probe (Chrono Boost)  
  13  0:22  Pylon  
  13  0:25  Probe (Chrono Boost)  
  14  0:36  Probe (Chrono Boost)  
  15  0:47  Gateway  
  15  0:56  Probe (Chrono Boost)  
  16  1:07  Probe (Chrono Boost)  
  17  1:17  Pylon, Probe (Chrono Boost)  
  18  1:26  Assimilator  
  18  1:28  Probe (Chrono Boost)  
  19  1:34  Zealot  
  21  1:42  Probe (Chrono Boost)  
  22  1:52  Probe (Chrono Boost)  
  23  1:56  Assimilator  
  23  2:03  Probe (Chrono Boost)  
  23  2:06  Nexus  
  24  2:17  Cybernetics Core  
  24  2:26  Probe (Chrono Boost)  
  25  2:36  Zealot  
  25  2:37  Probe (Chrono Boost)  
  27  2:39  Warp Gate  
  26  2:48  Probe (Chrono Boost)  
  28  3:00  Probe (Chrono Boost)  
  28  3:03  Stalker  
  32  3:21  Mothership Core (Chrono Boost), Probe (Chrono Boost)  
  33  3:32  Probe (Chrono Boost)  
  34  3:41  Probe (Chrono Boost)  
  35  3:43  Gateway  
  35  3:45  Gateway x2  
  35  3:49  Gateway  
  35  4:00  Probe (Chrono Boost)  
  35  4:01  Probe (Chrono Boost)  
  35  4:02  Assimilator  
  37  4:06  Assimilator  
  37  4:11  Probe (Chrono Boost)  
  37  4:13  Probe (Chrono Boost)  
  39  4:22  Probe (Chrono Boost)  
  41  4:25  Probe (Chrono Boost)  
  41  5:16  Pylon  
  41  5:26  Pylon  
  41  5:29  Pylon  
  41  5:33  Pylon  
  41  5:41  Pylon  
  41  5:45  Stalker x3  
  41  5:46  Stalker x2  
  51  6:01  Probe (Chrono Boost)  
  53  6:04  Probe (Chrono Boost)  
  53  6:12  Stalker x3, Probe (Chrono Boost)  
  53  6:13  Stalker x2  
  53  6:16  Probe (Chrono Boost)  
  65  6:22  Probe (Chrono Boost)  
  66  6:28  Probe (Chrono Boost)  
  66  6:31  Gateway  
  67  6:36  Gateway  
  67  6:43  Gateway  
  67  6:51  Stargate  
  67  6:52  Stargate  
  67  6:53  Stargate x2  
  67  7:01  Pylon  
  67  7:11  Stalker x2  
  67  7:12  Stalker x2  
  67  7:13  Stalker  
  77  7:25  Stargate  
  77  7:39  Pylon  
  77  7:44  Pylon  
  77  7:56  Forge  
  77  8:03  Stalker  
  77  8:04  Stalker x3  
  77  8:05  Stalker x2  
  87  8:06  Stalker x2  
  93  8:21  Pylon  
  93  8:23  Pylon  
  93  8:26  Pylon  
  93  8:30  Pylon  
  93  8:32  Stalker  
  93  8:33  Stalker x3  
  101  8:39  Twilight Council  
  101  9:06  Nexus  
  101  9:11  Blink  
  101  9:13  Fleet Beacon  
  101  9:24  Stalker x2  
  106  9:31  Probe (Chrono Boost)  
  106  9:43  Probe (Chrono Boost)  
  107  9:55  Tempest x2, Probe (Chrono Boost)  
  116  10:08  Tempest  
  120  10:30  Assimilator  
  120  10:32  Assimilator  
  120  10:35  Probe (Chrono Boost)  
  121  10:41  Stalker x2  
  121  10:42  Stalker x2  
  129  10:45  Probe (Chrono Boost)  
  130  10:56  Probe (Chrono Boost)  
  137  11:06  Probe (Chrono Boost)  
  138  11:12  Stalker x3  
  138  11:16  Stalker  
  138  11:17  Probe (Chrono Boost)  
  147  11:24  Pylon  
  139  11:28  Probe (Chrono Boost)  
  48  11:41  Stalker x3  
  48  11:42  Stalker x4  
  27  12:30  Nexus  
  25  12:37  Pylon  
  25  12:41  Pylon  
  15  12:45  Pylon  
Tags
 
Add a new tag
Caveats
  • Supply blocks, unpowered buildings, or Contaminate may cause inaccurate times.
  • Supply counts are checked every 10 seconds.